AoeStats
← Ibrahomovic

Arabia

509180253Analyzed
3v3 RM · 7d ago on Sep 25, 2026· 39m 14s· 6 players
Game mode
Random Map
Map size
Normal (6 player)
Population
200
Speed
Normal
Resources
Standard
Victory
Conquest
Starting age
Dark Age
Ending age
Imperial Age
RankedLock teamsTeams togetherTeam positionsShared explorationLock speedFull tech treeHidden civsTurbo modeCheats
Victory
Defeat
🇩🇪 Varangians · Germany
1462
+9
🇩🇪 Magyars · Germany
1405
+12
🇩🇪 Danes · Germany
1387
+12
🇸🇪 Britons · Sweden
1337
-12
🇸🇪 Saxons · Sweden
1304
-11
🇸🇪 Franks · Sweden
1280
-10
KiazTV
9:11 Feudal Age
9:49 Double-Bit Axe
13:41 Loom
15:25 Gold Mining
20:12 Fletching
21:06 Padded Archer Armor
26:29 Castle Age
26:32 Crossbowman
27:31 Bodkin Arrow
28:43 Leather Archer Armor
29:48 Forging
29:42 Scale Mail Armor
30:38 Wheelbarrow
29:49 Town Watch
31:28 Bow Saw
Ibrahomovic
7:19 Loom
9:32 Feudal Age
10:15 Double-Bit Axe
13:25 Fletching
21:07 Castle Age
20:04 Padded Archer Armor
19:56 Gold Mining
21:52 Bodkin Arrow
23:55 Bow Saw
23:36 Crossbowman
27:00 Leather Archer Armor
26:26 Pikeman
27:07 Squires
29:27 Horse Collar
32:29 Scale Mail Armor
34:31 Ballistics
36:12 Thumb Ring
37:36 Wheelbarrow
Mädi
8:35 Loom
10:21 Feudal Age
17:07 Double-Bit Axe
20:46 Scale Barding Armor
26:35 Castle Age
25:50 Forging
27:16 Gold Mining
32:29 Chain Barding Armor
Domvee
6:38 Loom
9:12 Feudal Age
10:01 Double-Bit Axe
12:32 Town Watch
18:04 Horse Collar
19:59 Wheelbarrow
23:19 Castle Age
21:26 Scale Barding Armor
23:15 Bloodlines
23:14 Gold Mining
26:58 Husbandry
27:44 Chain Barding Armor
28:26 Hand Cart
28:15 Town Patrol
31:31 Gold Shaft Mining
42:14 Imperial Age
Hallo22062
6:09 Loom
6:23 Loom
9:08 Feudal Age
9:55 Double-Bit Axe
9:52 Horse Collar
15:40 Bloodlines
17:00 Wheelbarrow
17:07 Wheelbarrow
18:34 Scale Barding Armor
23:30 Castle Age
22:04 Forging
23:27 Gold Mining
24:26 Husbandry
24:48 Chain Barding Armor
24:55 Bow Saw
24:47 Heavy Plow
25:04 Town Watch
32:31 Stone Mining
33:40 Iron Casting
35:44 Imperial Age
35:05 Fletching
35:06 Vendel Legacy
37:15 Plate Barding Armor
38:23 Elite Jarl
40:54 Blast Furnace
Dumbledalf I.
6:37 Loom
9:39 Feudal Age
10:44 Horse Collar
11:29 Double-Bit Axe
15:08 Fletching
15:19 Padded Archer Armor
20:24 Gold Mining
23:26 Castle Age
23:57 Crossbowman
25:26 Gold Shaft Mining
25:03 Bow Saw
26:05 Bodkin Arrow
26:41 Leather Archer Armor
28:59 Ballistics
29:19 Thumb Ring
31:04 Heavy Plow
31:44 Wheelbarrow
30:55 Town Watch
33:16 Hand Cart
38:22 Imperial Age
36:06 Stone Mining
39:03 Bracer
40:22 Chemistry
Connection lost

Rejoining the realm…

Still unreachable

The connection could not be restored.

Session expired

The server has moved on; the page needs a fresh start.